 Dungeon Crawl Stone Soup version 0.22.0 (webtiles) character file.

268 Matezma the Ruffian (level 6, -2/59 HPs)
             Began as a Troll Berserker on Oct 31, 2018.
             Was a Priest of Trog.
             Slain by a gnoll
             ... wielding a +0 halberd
              (5 damage)
             ... on level 3 of the Dungeon.
             The game lasted 00:05:00 (1792 turns).

Matezma the Ruffian (Troll Berserker)               Turns: 1792, Time: 00:05:00

Health: -2/59      AC:  5    Str: 26    XL:     6   Next: 0%
Magic:  5/5        EV: 10    Int:  3    God:    Trog [***...]
Gold:   132        SH:  0    Dex: 11    Spells: 5/5 levels left

rFire    . . .     SeeInvis .     - Unarmed
rCold    . . .     Gourm    +   (no shield)
rNeg     . . .     Faith    .   a - +0 animal skin
rPois    .         Spirit   .   (helmet restricted)
rElec    .         Reflect  .   (no cloak)
rCorr    .         Harm     .   (gloves unavailable)
MR       .....                  (boots unavailable)
Stlth    +.........             (no amulet)
HPRegen  0.59/turn              (no ring)
MPRegen  0.09/turn              (no ring)

@: no status effects
A: large, unfitting armour, claws 3, fast metabolism 3, gourmand, regeneration
1, shaggy fur 1, tough skin 2
a: Berserk, Trog's Hand, Renounce Religion


You were on level 3 of the Dungeon.
You worshipped Trog.
Trog was most pleased with you.
You were completely stuffed.

You visited 1 branch of the dungeon, and saw 3 of its levels.

You collected 132 gold pieces.

Inventory:

Missiles
 f - 158 stones (quivered)
Armour
 a - a +0 animal skin (worn)
Jewellery
 l - an uncursed ring of ice {unknown}
Wands
 k - a wand of clouds (4)
Scrolls
 h - 2 scrolls of fear {unknown}
 i - 4 scrolls of identify {unknown}
 n - 2 scrolls of amnesia {unknown}
 o - 2 scrolls of blinking {unknown}
 p - a scroll of random uselessness {unknown}
 q - a scroll of noise {unknown}
 r - a scroll of fog {unknown}
 s - a scroll of enchant weapon {unknown}
 u - 2 scrolls of teleportation {unknown}
Potions
 c - a potion of lignification {unknown}
 d - a potion of heal wounds {unknown}
 e - 2 potions of flight {unknown}
 j - a potion of invisibility {unknown}
 m - a potion of curing {unknown}
 t - a potion of magic {unknown}
Comestibles
 b - 7 rations
 g - a chunk of flesh


   Skills:
 - Level 2.4 Fighting
 - Level 2.4 Dodging
 * Level 6.8 Unarmed Combat


You had 5 spell levels left.
You didn't know any spells.
Your spell library was empty.

Dungeon Overview and Level Annotations

Branches:
Dungeon (3/15)

Altars:
The Shining One


Innate Abilities, Weirdness & Mutations

You are too large for most types of armour.
You have claws for hands.
Your metabolism is lightning-fast.
You like to eat raw meat.
Your natural rate of healing is unusually fast.
You are covered in fur. (AC +1)
You have very tough skin. (AC +2)


Message History

The bat hits you but does no damage. The bat hits you but does no damage.
The bat closely misses you. The bat hits you but does no damage.
The bat closely misses you.
The gnoll hits you from afar with a halberd!
* * * LOW HITPOINT WARNING * * *
There is a stone staircase leading up here.
The bat hits you but does no damage. x2
The bat barely misses you. The bat hits you but does no damage.
The bat misses you. The bat closely misses you. The bat closely misses you.
You barely miss the bat. The bat barely misses you.
The gnoll hits you from afar with a halberd.
* * * LOW HITPOINT WARNING * * *
The bat completely misses you.
The gnoll hits you from afar with a halberd.
You die...

.......)w....# #.#
........####.# #.#
...####.# #w#####.# ...
#.# #.....#.# .. ###'##
#.....#.# #....#
#.....#.# #....#
#g..b.#.# #....#
#.....#.# #....#
#.@...#.# ####....#
#.......# #..'....#
#.....### #.##....#
####.## #.##....#
#.######### #.##....#
#.........#
#.##....##############.#
#................#...#.#
################.#.#.#.#


You could see a worm, a gnoll and a bat.

Vanquished Creatures
  A centaur (D:3)
  A jelly (D:2)
  6 gnolls
  2 adders
  An ooze (D:1)
  2 worms (D:2)
  3 dart slugs
  2 leopard geckos (D:2)
  An orc (D:3)
  A ball python (D:1)
  3 giant cockroaches
  6 hobgoblins
  4 jackals (D:2)
  2 quokkas (D:2)
  7 bats
  4 frilled lizards
  10 goblins
  7 kobolds
  7 rats
70 creatures vanquished.

Notes
Turn   | Place    | Note
-------+----------+-------------------------------------------
     0 | D:1      | Matezma the Troll Berserker began the quest for the Orb.
     0 | D:1      | Reached XP level 1. HP: 22/22 MP: 0/0
    71 | D:1      | Found a glowing golden altar of the Shining One.
    74 | D:1      | Reached XP level 2. HP: 29/29 MP: 1/1
   204 | D:1      | Reached skill level 4 in Unarmed Combat
   406 | D:1      | Reached XP level 3. HP: 33/36 MP: 2/2
   443 | D:1      | Reached ** piety under Trog
   799 | D:2      | Reached skill level 5 in Unarmed Combat
   799 | D:2      | Reached XP level 4. HP: 40/44 MP: 3/3
  1052 | D:2      | Reached XP level 5. HP: 26/50 MP: 4/4
  1470 | D:3      | Reached *** piety under Trog
  1507 | D:3      | Noticed a centaur
  1513 | D:3      | Killed a centaur
  1513 | D:3      | Reached skill level 6 in Unarmed Combat
  1771 | D:3      | Reached XP level 6. HP: 39/59 MP: 5/5
  1791 | D:3      | HP: 2/59 [gnoll/halberd (6)]
  1792 | D:3      | Slain by a gnoll

Skill      XL: |  1  2  3  4  5 |
---------------+----------------+-----
Unarmed Combat | 4 5 6 |  6.8
Fighting       | |  2.4
Dodging        | |  2.4

Action                   |  1- 3 |  4- 6 || total
-------------------------+-------+-------++-------
Melee: Unarmed           |    99 |    63 ||   162
       Punch             |     2 |     1 ||     3
 Stab: Sleeping          |       |     1 ||     1
  Eat: Chunk             |    13 |     9 ||    22
Armor: Animal skin       |    36 |    16 ||    52
Dodge: Dodged            |    52 |    31 ||    83
